 Seeded DCSS version 0.30-a0-924-g0ad0bf95bc (webtiles) character file.

Game seed: 3125986916090331667 (custom seed)

28 Parcival the Grave Robber (level 3, 24/24 HPs)
             Began as a Human Necromancer on Mar 22, 2023.
             Quit the game on level 1 of the Dungeon.
             The game lasted 00:03:25 (950 turns).

Parcival the Grave Robber (Human Necromancer)        Turns: 950, Time: 00:03:25

Health: 24/24      AC:  2    Str:  8    XL:     3   Next: 30%
Magic:  6/6        EV: 12    Int: 20    God:
Gold:   43         SH:  0    Dex: 13    Spells: 5/6 levels left

rFire   . . .      SeeInvis .    c - staff of conjuration "Riykk" {Will+ Int+3}
rCold   . . .      Faith    .    (no shield)
rNeg    . . .      Spirit   .    a - +0 robe
rPois   .          Reflect  .    (no helmet)
rElec   .          Rampage  .    (no cloak)
rCorr   .                        (no gloves)
Will    +....                    (no boots)
Stlth   ++                       (no amulet)
HPRegen 0.24/turn                (no ring)
MPRegen 0.10/turn                (no ring)

@: no status effects
A: no striking features
a: no special abilities


You were on level 1 of the Dungeon.
You visited 1 branch of the dungeon, and saw 1 of its levels.

You collected 43 gold pieces.

Inventory:

Armour
 a - a +0 robe (worn)
Magical Staves
 c - the staff of conjuration "Riykk" (weapon) {Will+ Int+3}
   (You acquired it on level 1 of the Dungeon)

   [staff of conjuration]

   Base accuracy: +5 Base damage: 5 Base attack delay: 1.2 This weapon's minimum
   attack delay (0.6) is reached at skill level 12.
   Int:       It affects your intelligence (+3).
   Will:      It increases your willpower.
   It falls into the 'Staves' category.
   It is a one-handed weapon.
Jewellery
 d - an amulet of magic regeneration
 e - a +6 ring of strength
Potions
 b - a potion of magic
 f - a potion of heal wounds


   Skills:
 + Level 2.0 Dodging
 + Level 2.6 Stealth
 + Level 2.2 Spellcasting
 + Level 4.5 Necromancy


You had 5 spell levels left.
You knew the following spells:

 Your Spells              Type           Power      Damage    Failure   Level
a - Necrotise             Necr           80%        1d8       2%          1

Your spell library contained the following spells:

 Spells                   Type           Power      Damage    Failure   Level
 Vampiric Draining        Necr           20%        2d7       7%          3
 Animate Dead             Necr           20%        N/A       24%         4
 Agony                    Necr           20%        N/A       54%         5


Dungeon Overview and Level Annotations

Branches:
Dungeon (1/15)

Altars:


Message History

Confirm with . or Enter, or press ? or * to list all spells.
You can't see any susceptible monsters within range! (Use Z to cast anyway.)
Casting: Necrotise (safe; 2% risk of failure)
Confirm with . or Enter, or press ? or * to list all spells.
You can't see any susceptible monsters within range! (Use Z to cast anyway.)
A goblin comes into view. It is wielding a +0 club.
The goblin hits you but does no damage. The goblin hits you with a +0 club.
You barely miss the goblin.
The goblin shouts!
The goblin hits you with a +0 club.
You barely miss the goblin. The goblin misses you.
You hit the goblin.
The goblin is severely wounded.
The goblin barely misses you. The goblin misses you.
You hit the goblin.
You kill the goblin!
The goblin hits you with a +0 dagger. x2
You miss the goblin. The goblin hits you with a +0 dagger.
You miss the goblin. The goblin closely misses you.
You hit the goblin.
The goblin is severely wounded.
The goblin closely misses you.
You hit the goblin.
You kill the goblin!
You see here a +0 dagger.
Done exploring.
Done exploring.
Done exploring.
Casting: Necrotise (safe; 2% risk of failure)
Confirm with . or Enter, or press ? or * to list all spells.
You can't see any susceptible monsters within range! (Use Z to cast anyway.) Done exploring.
As you read the scroll labelled KEMOTR BUCIU, it crumbles to dust.
It is a scroll of identify.
f - a potion of heal wounds
As you read the scroll labelled WET RICICU, it crumbles to dust.
It is a scroll of brand weapon.
You aren't carrying any weapons that can be branded.
Are you sure you want to abandon this character and quit the game? (Confirm with "yes".)

#.##.# #.# #.....#####
#.##.####.# #.#.......#
#####.##......# #†#.#.###.#
##......########
#.#....##.# #.......#
####### #.#.#..##.#
#..##...# #.....#
#......##.# #..#....#
#.....# #........[#
#.....^(# #.....#
#.####..### #.......#
#.@...# #.####..#
#.#.###.###.....###.##....#
#.......##....)..##.##.##.#
###.######.##)##.##.##.##.#
#.##.....##.##.##.......#
###
#.##.###.##.....####.######
..# #.##.###.#####..#
#.##.... #.#
#...............####.....##
#.#
####.###.....#........#...#


There were no monsters in sight!

Vanquished Creatures
  A gnoll (D:1)
  3 endoplasms (D:1)
  A hobgoblin (D:1)
  3 kobolds (D:1)
  2 ball pythons (D:1)
  2 bats (D:1)
  5 goblins (D:1)
  2 rats (D:1)
19 creatures vanquished.

Notes
Turn   | Place    | Note
-------+----------+-------------------------------------------
     0 | D:1      | Parcival the Human Necromancer began the quest for the Orb.
     0 | D:1      | Reached XP level 1. HP: 13/13 MP: 3/3
    67 | D:1      | Identified a scroll of acquirement
    67 | D:1      | Acquired the staff of conjuration "Riykk" {Will+ Int+3}
   137 | D:1      | Reached XP level 2. HP: 19/19 MP: 1/5
   562 | D:1      | Reached XP level 3. HP: 14/24 MP: 1/6
   950 | D:1      | Quit the game

Illustrated notes

Levels and vault maps discovered:
D:1:      amcnicky_arrival_single_pillar, layout_loops_cross,
          hangedman_glass_garden

Action                     || total
---------------------------++-------
  Melee: Unarmed           ||     1
         Staff             ||    12
   Cast: Necrotise         ||    26
    Use: Scroll            ||     3
 Armour: Robe              ||     7
  Dodge: Dodged            ||    13

Table legend: (Time is in decaauts)
 A = Elapsed time spent in this place.
 B = Non-inter-level travel time spent in this place.
 C = Inter-level travel time spent in this place.
 D = Time resting spent in this place.
 E = Time spent auto-exploring this place.
 F = Levels seen in this place.
 G = Mean time per level.
                   A        B        C        D        E       F      G
               +--------+--------+--------+--------+--------+-----+--------+
         Total |    951 |    919 |     32 |      0 |    784 |   1 |  951.0 |
       Dungeon |    951 |    919 |     32 |      0 |    784 |   1 |  951.0 |
               +--------+--------+--------+--------+--------+-----+--------+

Top non-repeatable levels by time:
     D:1: 951 daAuts
